 Dungeon Crawl Stone Soup version 0.31-a0-1183-gd88bbb8b4d (webtiles) character file.

Game seed: 2794519511650310549

399 qw the Shooter (level 6, -3/57 HPs)
             Began as a Gargoyle Hunter on Dec 11, 2023.
             Slain by a gnoll
             ... wielding a +0 spear
             ... led by a gnoll bouda
              (4 damage)
             ... on level 5 of the Dungeon.
             The game lasted 00:01:05 (2753 turns).

qw the Shooter (Gargoyle Hunter)                    Turns: 2753, Time: 00:01:06

Health: -3/57      AC: 23    Str: 14    XL:     6   Next: 84%
Magic:  6/6        EV:  2    Int: 10    God:
Gold:   141        SH:  5    Dex: 15    Spells: 5/5 levels left

rFire   . . .        a - +0 shortbow
rCold   . . .        (shield currently unavailable)
rNeg    + . .        d - melded +1 ring mail
rPois   inf          (helmet currently unavailable)
rElec   .            (cloak currently unavailable)
rCorr   .            f - melded +0 pair of gloves
SInv    .            (boots currently unavailable)
Will    .....        c - amulet of reflection
Stlth   ++           (no ring)
HPRegen 0.29/turn    (no ring)
MPRegen 0.10/turn

%: reflection
@: tree-form, weakened, hasted, very quick
A: stationary, stasis, torment immunity, boosted hp, sickness immunity, AC +4,
negative energy resistance 1, (electricity resistance), torment resistance 1,
petrification resistance
a: no special abilities


You were on level 5 of the Dungeon.
You were a tree.
You visited 1 branch of the dungeon, and saw 6 of its levels.

You collected 141 gold pieces.


Innate Abilities, Weirdness & Mutations

You are a tree.
Your roots penetrate the ground, keeping you stationary.
You cannot be teleported.
You are immune to unholy pain and torment.
Your maximum health is greatly increased.
Your equipment is partially melded.
You are immune to sickness and miasma.
((Your stone body is resilient. (AC +4)))
You are immune to poison.
You resist negative energy. (rN+)
((You are resistant to electric shocks. (rElec)))
You are resistant to unholy torment.
You are immune to petrification.


   Skills:
 - Level 4.3 Fighting
 + Level 7.0 Ranged Weapons
 - Level 1.0 Armour
 - Level 1.5 Dodging
 - Level 1.1 Stealth


You had 5 spell levels left.
You didn't know any spells.
Your spell library was empty.

Inventory:

Hand Weapons
 a - a +0 shortbow (weapon)
Armour
 d - a +1 ring mail (melded)
 f - a +0 pair of gloves (melded)
Jewellery
 c - an amulet of reflection (around neck)
Wands
 b - a wand of paralysis (3)
 e - a wand of quicksilver (11)
 i - a wand of roots (6)
Scrolls
 j - a scroll of fear {unknown}

Dungeon Overview and Level Annotations

Branches:
Dungeon (6/15)
 Temple: D:4-7

Altars:
Ru
Yredelemnul


Message History

The gnoll bouda barks out a call to the hunt!
The gnoll picks up the pace!
2746 ||| Stepping ~*~*~tactically~*~*~ (retreating).
The gnoll hits you with a +0 spear. The gnoll closely misses you.
The gnoll bouda closely misses you.
There is an open door, spattered with blood here.
2747 ||| Stepping ~*~*~tactically~*~*~ (retreating).
The gnoll bouda hits you with a +0 club.
The gnoll hits you but does no damage. The gnoll closely misses you.
2748 ||| DRINKING murky purple potion.
It was a potion of lignification.
You turn into a tree.
Your +0 pair of gloves melds into your body.
Your +1 ring mail melds into your body.
Your roots penetrate the ground.
The gnoll bouda hits you but does no damage.
The gnoll hits you but does no damage.
The gnoll hits you from afar with a +0 spear.
2749 ||| DRINKING bubbling blue potion.
It was a potion of haste.
You feel yourself speed up. You block the gnoll's attack.
The gnoll hits you but does no damage.
The gnoll bouda hits you but does no damage.
You shoot an arrow.
The arrow closely misses the gnoll bouda.
The gnoll hits you but does no damage. x2
The gnoll bouda gazes fiercely through you!
You feel as though you will be weak longer.
The gnoll bouda hits you with a +0 club.
You shoot an arrow.
The arrow closely misses the gnoll bouda.
You shoot an arrow.
The arrow hits the gnoll bouda but does no damage.
The gnoll bouda is heavily wounded.
The gnoll bouda hits you with a +0 club.
The gnoll completely misses you. The gnoll hits you but does no damage.
You shoot an arrow. The arrow hits the gnoll bouda.
The gnoll bouda is severely wounded.
The gnoll is no longer moving quickly.
The gnoll hits you from afar with a +0 spear.
The gnoll bouda hits you with a +0 club.
The gnoll hits you from afar with a +0 spear.
You die...

#+#...#'#.#####...
#.......#.'...'.##
###...#####...####
#.+...'.#.......#.
#+#.#####.#+#...#+#.
#.....#.....#...#...
#.....'.....##+##...
#.....#.....# #...
#+#7#####.#+# #+#.
#g'gg.+.# #.
###g..### ## .....#
...#'# ...# .. #'##
. .. ..


You could see a gnoll bouda and 3 gnolls.

Vanquished Creatures
  A phantom (D:4)
  Blork the orc (D:4)
  A scorpion (D:4)
  A jelly (D:5)
  A hound (D:5)
  A sleepcap (D:4)
  3 adders
  A white imp (D:5)
  2 ufetubi (D:5)
  3 worms
  2 dart slugs
  2 orcs
  4 bats
  9 endoplasms
  3 giant cockroaches (D:1)
  4 hobgoblins
  2 quokkas
  5 ball pythons
  8 goblins
  4 kobolds
  3 rats
61 creatures vanquished.

Notes
Turn   | Place    | Note
-------+----------+-------------------------------------------
     0 | D:1      | qw the Gargoyle Hunter began the quest for the Orb.
     0 | D:1      | Reached XP level 1. HP: 12/12 MP: 1/1
     0 | D:1      | 0 ||| qw: Version: 0.3-a-106-g2cfff9e
     0 | D:1      | 0 ||| qw: Game counter: 2098
     0 | D:1      | 0 ||| qw: Melee chars always use a shield: true
     0 | D:1      | 0 ||| qw: God list: Okawaru
     0 | D:1      | 0 ||| qw: Allow faded altars: false
     0 | D:1      | 0 ||| qw: Do Orc after clearing Dungeon:15 true
     0 | D:1      | 0 ||| qw: Do second Lair branch before Depths: true
     0 | D:1      | 0 ||| qw: Lair rune preference: random
     0 | D:1      | 0 ||| qw: Goals: Normal, Save, Zot:1-4, Win
     0 | D:1      | 0 ||| PLANNING D:1-11
    74 | D:1      | Reached XP level 2. HP: 11/17 MP: 2/2
   314 | D:1      | Found a faded altar of an unknown god.
   639 | D:1      | 639 ||| UPGRADING to +0 ring mail.
   649 | D:1      | 649 ||| DROPPING +0 leather armour.
   650 | D:1      | 650 ||| READING scroll labelled UTOMAZ NUOFA.
   651 | D:1      | 651 ||| READING scroll labelled PARHORPH SOMNUO.
   651 | D:1      | 651 ||| ENCHANTING +0 ring mail.
   652 | D:1      | 652 ||| READING scroll labelled ITEDWE PUSODYO.
   652 | D:1      | 652 ||| IDENTIFYING murky black potion
   653 | D:1      | 653 ||| DROPPING scroll of butterflies.
   654 | D:1      | 654 ||| DROPPING potion of degeneration.
   694 | D:2      | Reached XP level 3. HP: 21/21 MP: 3/3
   790 | D:2      | Reached skill level 1 in Armour
   819 | D:2      | 819 ||| FLEEEEING.
   868 | D:2      | Reached skill level 5 in Ranged Weapons
  1068 | D:2      | 1068 ||| UPGRADING to +0 pair of gloves.
  1073 | D:2      | 1073 ||| UPGRADING to amulet of reflection.
  1078 | D:2      | 1078 ||| READING scroll of identify.
  1078 | D:2      | 1078 ||| IDENTIFYING metallic yellow potion
  1079 | D:2      | 1079 ||| READING scroll labelled ETHYTH FYXT.
  1080 | D:2      | 1080 ||| READING scroll labelled RENKUSEAQ.
  1081 | D:2      | 1081 ||| DROPPING potion of berserk rage.
  1234 | D:3      | Found a basalt altar of Yredelemnul.
  1906 | D:3      | 1906 ||| READING scroll labelled YQUUCV WYLLUA.
  1907 | D:3      | 1907 ||| READING scroll labelled KEERUI ONWICA.
  1908 | D:3      | 1908 ||| DRINKING 2 silvery potions.
  1909 | D:3      | 1909 ||| DROPPING potion of invisibility.
  1940 | D:4      | Noticed Blork the orc
  1948 | D:4      | Killed Blork the orc
  1949 | D:4      | Reached XP level 4. HP: 13/29 MP: 4/4
  1949 | D:4      | Reached XP level 5. HP: 15/33 MP: 5/5
  2132 | D:4      | Found a sacrificial altar of Ru.
  2198 | D:4      | Noticed a phantom
  2199 | D:4      | 2199 ||| RETREEAATING.
  2215 | D:4      | Killed a phantom
  2216 | D:4      | Reached skill level 6 in Ranged Weapons
  2216 | D:4      | Reached XP level 6. HP: 36/38 MP: 6/6
  2479 | D:4      | You fall into a shaft and drop 2 floors!
  2489 | D:5      | Entered Level 5 of the Dungeon
  2700 | D:5      | Reached skill level 7 in Ranged Weapons
  2738 | D:5      | 2738 ||| Stepping ~*~*~tactically~*~*~ (retreating).
  2739 | D:5      | 2739 ||| Stepping ~*~*~tactically~*~*~ (retreating).
  2740 | D:5      | 2740 ||| Stepping ~*~*~tactically~*~*~ (retreating).
  2741 | D:5      | 2741 ||| Stepping ~*~*~tactically~*~*~ (retreating).
  2742 | D:5      | 2742 ||| Stepping ~*~*~tactically~*~*~ (retreating).
  2743 | D:5      | 2743 ||| Stepping ~*~*~tactically~*~*~ (retreating).
  2744 | D:5      | 2744 ||| Stepping ~*~*~tactically~*~*~ (retreating).
  2745 | D:5      | 2745 ||| Stepping ~*~*~tactically~*~*~ (retreating).
  2746 | D:5      | 2746 ||| Stepping ~*~*~tactically~*~*~ (retreating).
  2747 | D:5      | 2747 ||| Stepping ~*~*~tactically~*~*~ (retreating).
  2747 | D:5      | HP: 8/38 [gnoll bouda/+0 club (5)]
  2748 | D:5      | 2748 ||| DRINKING murky purple potion.
  2749 | D:5      | 2749 ||| DRINKING bubbling blue potion.
  2752 | D:5      | HP: 5/57 [gnoll bouda/+0 club (1)]
  2753 | D:5      | HP: 1/57 [gnoll bouda/+0 club (2)]
  2753 | D:5      | Slain by a gnoll

Levels and vault maps discovered:
D:1:      ldierk_walled_garden_2, layout_loops_ring,
          dreamdust_ecumenical_altar_angels_and_demons
D:2:      layout_rooms
D:3:      layout_basic, yredelemnul_altar_generic
D:4:      layout_loops_ring, mainiacjoe_overflow_brackets, uniq_blork_the_orc
D:5:      nicolae_cairo_tiling_large, layout_loops_corners, minitemple,
          hangedman_abyss_or_decor_stagger, minmay_statues_item, uniq_menkaure
D:6:      layout_basic, minmay_temple_entry_sparse_star

Skill      XL: |  1  2  3  4  5  6 |
---------------+-------------------+-----
Armour         | 1 |  1.0
Ranged Weapons | 5 6 7 |  7.0
Fighting       | 4 |  4.3
Dodging        | |  1.5
Stealth        | |  1.1

Action                     |  1- 3 |  4- 6 || total
---------------------------+-------+-------++-------
   Fire: Shortbow          |   121 |   114 ||   235
    Use: Scroll            |     8 |       ||     8
         Potion            |     1 |     2 ||     3
 Armour: Leather armour    |     4 |       ||     4
         Ring mail         |    16 |    99 ||   115
         Skin              |       |    13 ||    13
  Dodge: Dodged            |    18 |    74 ||    92
  Block: Other             |     4 |    30 ||    34
         Reflection        |       |     1 ||     1

Table legend:
 A = Non-vault XP
 B = Vault XP
 C = Vault XP percentage of total XP
 D = Non-vault monster count
 E = Vault monster count
 F = Vault count percentage of total count
                 A         B        C        D         E       F
            +---------+---------+-------+---------+---------+-------
      Total |     475 |      96 |  16.8 |      60 |       1 |   1.6
            +---------+---------+-------+---------+---------+-------
        D:1 |      32 |       0 |   0.0 |      19 |       0 |   0.0
        D:2 |      26 |       0 |   0.0 |      13 |       0 |   0.0
        D:3 |      18 |       0 |   0.0 |       8 |       0 |   0.0
        D:4 |     277 |      96 |  25.7 |      14 |       1 |   6.7
        D:5 |     122 |       0 |   0.0 |       6 |       0 |   0.0
            +---------+---------+-------+---------+---------+-------
